 Dungeon Crawl Stone Soup version 0.27.0-1-g7a089689b8 (webtiles) character file.

Game seed: 18334993331485259838

637 pkoi the Slasher (level 7, -3/57 HPs)
             Began as a Minotaur Fighter on Aug 4, 2021.
             Was a Believer of Qazlal.
             Succumbed to Duvessa's poison
             ... on level 4 of the Dungeon.
             The game lasted 00:03:05 (4081 turns).

pkoi the Slasher (Minotaur Fighter)                 Turns: 4081, Time: 00:03:06

Health: -3/57      AC:  6    Str: 23    XL:     7   Next: 25%
Magic:  9/9        EV:  7    Int:  5    God:    Qazlal [**....]
Gold:   246        SH: 12    Dex:  9    Spells: 6/6 levels left

rFire    . . .     SeeInvis .   a - +0 long sword
rCold    . . .     Faith    .   c - +0 kite shield
rNeg     . . .     Spirit   .   b - +0 scale mail
rPois    .         Reflect  .   (helmet restricted)
rElec    .         Harm     .   (no cloak)
rCorr    .         Rampage  .   (no gloves)
Will     .....                  (no boots)
Stlth    ..........             q - amulet of magic regeneration
HPRegen  0.19/turn              o - ring of wizardry
MPRegen  0.36/turn              (no ring)

@: mighty, lethally poisoned (-3 -> -28), attractive
A: horns 2, retaliatory headbutt
a: Renounce Religion, Upheaval


You were on level 4 of the Dungeon.
You worshipped Qazlal.
Qazlal was pleased with you.
You visited 1 branch of the dungeon, and saw 4 of its levels.

You collected 246 gold pieces.

Inventory:

Hand Weapons
 a - a +0 long sword (weapon)
Missiles
 k - 16 poisoned darts (quivered)
 p - 4 curare-tipped darts
Armour
 b - a +0 scale mail (worn)
 c - a +0 kite shield (worn)
Jewellery
 o - a ring of wizardry (left hand)
 q - an amulet of magic regeneration (around neck)
Scrolls
 e - a scroll of amnesia {unknown}
 f - 4 scrolls of identify {unknown}
 g - a scroll of fear {unknown}
 i - a scroll of noise {unknown}
Potions
 h - 2 potions of attraction
 j - a potion of invisibility {unknown}
 l - 2 potions of cancellation {unknown}
 m - a potion of degeneration {unknown}
 n - 2 potions of curing {unknown}


   Skills:
 + Level 3.6 Fighting
 + Level 7.8 Long Blades
 + Level 3.6 Armour
 + Level 0.0 Dodging
 + Level 3.6 Shields
 + Level 4.5 Invocations


You had 6 spell levels left.
You didn't know any spells.
Your spell library was empty.

Dungeon Overview and Level Annotations

Branches:
Dungeon (4/15)             Temple (0/1) D:4

Altars:
Ashenzari
Qazlal

Annotations:
D:4 Dowan, Duvessa


Innate Abilities, Weirdness & Mutations

You have a pair of horns on your head.
You reflexively headbutt those who attack you in melee.


Message History

You barely miss Duvessa. You block Duvessa's attack.
A goblin comes into view. It is wielding a +0 hand axe.
Duvessa hits you with a +2 short sword of venom.
You are poisoned.
The goblin shouts!
You slash Duvessa! Your headbutt misses Duvessa.
Duvessa is moderately wounded.
You feel very sick. Duvessa hits you but does no damage.
You are more poisoned.
Dowan casts a spell.
Dowan blinks!
You block Duvessa's attack.
You hit Duvessa but do no damage.
Duvessa is moderately wounded.
You feel very sick.
Duvessa gestures with her weapon.
Duvessa hits you with a +2 short sword of venom.
You are more poisoned.
Dowan gestures at you while chanting. You block the puff of flame.
You block Duvessa's attack.
Okay, then.
Unknown command.
You feel very mighty all of a sudden.
You feel very sick. Dowan hits you with a +0 dagger.
Duvessa hits you with a +2 short sword of venom.
You are lethally poisoned!
Your shield prevents you from hitting Duvessa.
You headbutt Duvessa!
Duvessa is heavily wounded.
* * * LOW HITPOINT WARNING * * *
You feel extremely sick.
Duvessa hits you with a +2 short sword of venom!
* * * LOW HITPOINT WARNING * * *
Dowan hits you with a +0 dagger.
* * * LOW HITPOINT WARNING * * *
You block Duvessa's attack. Dowan hits you but does no damage.
It was a potion of attraction.
You feel attractive to monsters.
You die...

...# #.# #..#
#.# ...# #.#
#### #.# #.#
#.# #.# #
#.######## #
#ge@e....# ###
.
.......######.#
#.. ...
#.....(.
.#.....
######.#
....... #.#
##..... #.# ..#
#.# # #.


You could see Duvessa (fast), Dowan and a goblin.

Vanquished Creatures
  A black bear (D:3)
  An ogre (D:3)
  A bullfrog skeleton (D:2)
  3 orc priests (D:3)
  A scorpion zombie (D:4)
  An iguana (D:4)
  4 orc wizards
  2 hound skeletons (D:4)
  A gnoll (D:1)
  2 adders
  2 worms (D:2)
  5 dart slugs
  15 orcs
  11 ball pythons
  8 endoplasms
  2 giant cockroaches (D:1)
  4 goblins
  5 hobgoblins
  15 jackals
  5 kobolds
  6 quokkas
  2 bats
  2 frilled lizards
  5 rats
104 creatures vanquished.

Notes
Turn   | Place    | Note
-------+----------+-------------------------------------------
     0 | D:1      | pkoi the Minotaur Fighter began the quest for the Orb.
     0 | D:1      | Reached XP level 1. HP: 19/19 MP: 0/0
    36 | D:1      | Reached skill level 3 in Long Blades
    41 | D:1      | Reached XP level 2. HP: 14/26 MP: 1/1
   275 | D:1      | Reached skill level 4 in Long Blades
   275 | D:1      | Reached XP level 3. HP: 21/31 MP: 2/2
  1195 | D:2      | Reached skill level 5 in Long Blades
  1251 | D:2      | Found a stormy altar of Qazlal.
  1262 | D:2      | Became a worshipper of Qazlal Stormbringer
  1350 | D:2      | Found a faded altar of an unknown god.
  1392 | D:2      | Reached XP level 4. HP: 39/39 MP: 3/3
  1761 | D:2      | Reached skill level 1 in Invocations
  1974 | D:2      | Reached XP level 5. HP: 32/45 MP: 5/5
  2158 | D:3      | Reached skill level 6 in Long Blades
  2608 | D:3      | Reached XP level 6. HP: 39/51 MP: 7/7
  2609 | D:3      | Reached * piety under Qazlal
  2806 | D:3      | Found a broken altar of Ashenzari.
  2999 | D:3      | Reached skill level 7 in Long Blades
  3422 | D:3      | Reached XP level 7. HP: 55/57 MP: 9/9
  3496 | D:4      | Found a staircase to the Ecumenical Temple.
  3614 | D:4      | Reached ** piety under Qazlal
  4069 | D:4      | Noticed Duvessa
  4072 | D:4      | Noticed Dowan
  4081 | D:4      | Succumbed to Duvessa's poison

Illustrated notes

Levels and vault maps discovered:
D:1:      minmay_arrival_hallway, layout_basic, minmay_cupped
D:2:      layout_basic, basic_altar, shapermc_ecumenical_altar_pompeii
D:3:      layout_loops_corners, overflow_temple_1_default, grunt_ministairs_2,
          minmay_misc_feat_pillars
D:4:      layout_loops_ring, gammafunk_temple_overflow_claw,
          minmay_temple_entry_crystal_x, uniq_duvessa

Skill      XL: |  1  2  3  4  5  6 |
---------------+-------------------+-----
Long Blades    | 3 4 5 6 7 |  7.8
Invocations    | 1 3 4 |  4.5
Fighting       | |  3.6
Armour         | |  3.6
Shields        | |  3.6

Action                   |  1- 3 |  4- 6 |  7- 9 || total
-------------------------+-------+-------+-------++-------
Melee: Long sword        |    75 |   129 |    49 ||   253
       Headbutt          |    17 |    27 |    12 ||    56
  Use: Potion            |       |       |     2 ||     2
Armor: Scale mail        |    28 |    49 |    13 ||    90
Dodge: Dodged            |    23 |    32 |    12 ||    67
Block: Kite shield       |    38 |    81 |    30 ||   149
       Rpst.: Long sword |     7 |     9 |     7 ||    23
